 Dungeon Sprint DCSS version 0.28-a0-503-g83f2989fac (webtiles) character file.

Game seed: 5359107634962862750

361 rocky1 the Fighter (level 6, -2/114 HPs)
             Began as an Ogre Hunter on Sept 20, 2021.
             Was a Priest of Okawaru.
             Killed from afar by Erica (10 damage)
             ... with a bolt of poison
             ... in the Dungeon (Sprint VII: "The Pits").
             The game lasted 00:04:29 (604 turns).

rocky1 the Fighter (Ogre Hunter)                     Turns: 604, Time: 00:04:29

Health: -2/114     AC: 10    Str: 17    XL:     6   Next: 66%
Magic:  11/11      EV: 11    Int: 12    God:    Okawaru [***...]
Gold:   0          SH:  0    Dex: 11    Spells: 5/5 levels left

rFire   . . .      SeeInvis .   p - +1 flail (protect)
rCold   . . .      Faith    .   (no shield)
rNeg    . . .      Spirit   .   b - +0 robe
rPois   .          Reflect  .   (helmet restricted)
rElec   .          Harm     .   (no cloak)
rCorr   .          Rampage  .   (gloves unavailable)
Will    .....      NoTele   +   (boots unavailable)
Stlth   ..........              (no amulet)
HPRegen 0.29/turn               (no ring)
MPRegen 0.12/turn               (no ring)

@: berserking (expiring), lethally poisoned (-2 -> -12), under a protective
aura, slowed
A: large, unfitting armour, tough skin 1
a: Renounce Religion, Heroism


You were in the Dungeon.
You worshipped Okawaru.
Okawaru was most pleased with you.
You visited 1 branch

Inventory:

Hand Weapons
 o - a +2 mace of holy wrath
 p - a +1 flail of protection (weapon)
Missiles
 a - a curare-tipped dart (quivered)
 c - 4 large rocks
 d - 2 throwing nets
Armour
 b - a +0 robe (worn)
Scrolls
 j - a scroll of blinking
 l - 5 scrolls of amnesia
Potions
 e - 6 potions of curing
 f - 5 potions of heal wounds
 g - a potion of haste
 h - 4 potions of magic
 i - 2 potions of berserk rage
 k - 2 potions of invisibility


   Skills:
 + Level 9.4 Fighting
 + Level 6.1 Maces & Flails
 - Level 4.0 Throwing
 + Level 6.5 Dodging
 - Level 0.6 Stealth
 + Level 7.1 Invocations


You had 5 spell levels left.
You didn't know any spells.
Your spell library was empty.

Dungeon Overview and Level Annotations

Branches:
Dungeon (1/1)

Altars:
Ashenzari
Cheibriados
Dithmenos
Elyvilon
Fedhas
Gozag
Hepliaklqana
Kikubaaqudgha
Makhleb
Nemelex Xobeh
Okawaru
Qazlal
Ru
Sif Muna
Trog
Uskayaw
Vehumet
Wu Jian
Xom
Yredelemnul
Zin
The Shining One
Beogh
Jiyva
Lugonu

Annotations:
D Erica


Innate Abilities, Weirdness & Mutations

You are too large for most types of armour.
You have tough skin. (AC +1)


Message History

There is an open door here.
You miss something.
You hear some strange, mumbled words.
A lance of force appears from out of thin air!
The lance of force hits you!!
You are knocked back by the lance of force.
You slam into the metal wall!
Unknown command.
You feel much better.
A red film seems to cover your vision as you go berserk!
You feel yourself moving faster!
You feel mighty! Something hits you! Something burns you.
You barely miss something.
You hear some strange, mumbled words.
A lance of force appears from out of thin air!
The lance of force hits you!
* * * LOW HITPOINT WARNING * * *
You are knocked back by the lance of force.
You slam into the metal wall!
* * * LOW HITPOINT WARNING * * *
You closely miss something.
You hear some strange, mumbled words.
You feel yourself slow down.
You sock something!
Your weapon exudes an aura of protection.
Something hits you but does no damage.
You barely miss something. Something hits you.
* * * LOW HITPOINT WARNING * * *
Something burns you.
* * * LOW HITPOINT WARNING * * *
You sock something! Something hits you.
* * * LOW HITPOINT WARNING * * *
Something burns you.
* * * LOW HITPOINT WARNING * * *
You miss something.
You hear some strange, mumbled words.
A bolt of poison appears from out of thin air!
The bolt of poison hits you!
You are lethally poisoned!
You die...

#†#........##.......#
#'###########.......#
#).)....# #########
#.###...# #.#.....#
#.#...#.#+#
#.....#.#.+
#...###.#{#
#.......)@#
###########


There were no monsters in sight!

Vanquished Creatures
  A floating eye (D)
  An ice beast (D)
  An ogre (D)
  A kobold brigand (D)
  A gnoll (D)
  A giant cockroach (D)
  2 goblins (D)
  2 hobgoblins (D)
  A ball python zombie (D)
  2 bats (D)
  2 frilled lizards (D)
  A rat (D)
16 creatures vanquished.

Notes
Turn   | Place    | Note
-------+----------+-------------------------------------------
     0 | D        | rocky1 the Ogre Hunter began the quest for the Orb.
     0 | D        | Reached XP level 1. HP: 22/22 MP: 1/1
    15 | D        | Reached skill level 3 in Fighting
    44 | D        | Found a bloodstained altar of Trog.
    44 | D        | Found a shimmering blue altar of Sif Muna.
    44 | D        | Found a viscous altar of Jiyva.
    44 | D        | Found a hazy altar of Hepliaklqana.
    44 | D        | Found an opulent altar of Gozag.
    45 | D        | Found a glowing golden altar of the Shining One.
    45 | D        | Found a glowing silver altar of Zin.
    45 | D        | Found a basalt altar of Yredelemnul.
    45 | D        | Found a shimmering altar of Xom.
    45 | D        | Found an ornate altar of the Wu Jian Council.
    45 | D        | Found a sacrificial altar of Ru.
    45 | D        | Found a stormy altar of Qazlal.
    45 | D        | Found an iron altar of Okawaru.
    45 | D        | Found a sparkling altar of Nemelex Xobeh.
    45 | D        | Found a burning altar of Makhleb.
    45 | D        | Found a blossoming altar of Fedhas.
    45 | D        | Found a white marble altar of Elyvilon.
    45 | D        | Found a shadowy altar of Dithmenos.
    45 | D        | Found a snail-covered altar of Cheibriados.
    48 | D        | Found a corrupted altar of Lugonu.
    48 | D        | Found a radiant altar of Vehumet.
    49 | D        | Found an ancient bone altar of Kikubaaqudgha.
    49 | D        | Found a hide-covered altar of Uskayaw.
    49 | D        | Found a broken altar of Ashenzari.
    54 | D        | Became a worshipper of Warmaster Okawaru
    78 | D        | Reached skill level 1 in Maces & Flails
   265 | D        | Noticed a floating eye
   271 | D        | Paralysed by a floating eye for 2 turns
   273 | D        | Killed a floating eye
   273 | D        | Reached * piety under Okawaru
   273 | D        | Reached ** piety under Okawaru
   274 | D        | Reached skill level 6 in Fighting
   274 | D        | Reached XP level 2. HP: 34/37 MP: 1/5
   274 | D        | Reached XP level 3. HP: 41/45 MP: 1/6
   274 | D        | Reached XP level 4. HP: 48/53 MP: 1/7
   370 | D        | Noticed a kobold brigand
   379 | D        | Reached XP level 5. HP: 61/61 MP: 8/8
   382 | D        | Killed a kobold brigand
   383 | D        | Reached skill level 7 in Fighting
   383 | D        | Reached skill level 5 in Dodging
   383 | D        | Reached skill level 5 in Invocations
   522 | D        | Noticed an ice beast
   531 | D        | Killed an ice beast
   532 | D        | Reached skill level 8 in Fighting
   532 | D        | Reached skill level 5 in Maces & Flails
   532 | D        | Reached XP level 6. HP: 74/74 MP: 10/10
   556 | D        | Reached *** piety under Okawaru
   557 | D        | Reached skill level 9 in Fighting
   594 | D        | Noticed Erica
   604 | D        | Killed from afar by Erica

Illustrated notes

Levels and vault maps discovered:
D:        pitsprint [storerooms_1, entrance_room_1, metal_vault_5, armoury_3,
          mini_pit_1, grid_room_1, main_hall_1, silver_pit, the_coven_1,
          the_vestibule_1, steel_vault_5, golden_pit, hallway_of_sentries,
          crystal_vault_3, iron_vault_1, final_vault]

Skill      XL: |  1  2  3  4  5  6 |
---------------+-------------------+-----
Fighting       | 6 8 9 |  9.4
Dodging        | 4 6 |  6.5
Maces & Flails | 3 4 5 6 |  6.1
Invocations    | 4 6 7 |  7.1
Throwing       | |  4.0
Stealth        | |  0.6

Action                   |  1- 3 |  4- 6 || total
-------------------------+-------+-------++-------
Melee: Mace              |    14 |     8 ||    22
       Short sword       |     1 |       ||     1
       Flail             |       |    18 ||    18
Throw: Large rock        |       |     6 ||     6
       Dart              |       |     2 ||     2
  Use: Scroll            |       |     1 ||     1
       Potion            |       |     2 ||     2
 Stab: Sleeping          |     1 |       ||     1
Armor: Robe              |     3 |     4 ||     7
Dodge: Dodged            |     4 |    15 ||    19

Table legend: (Time is in decaauts)
 A = Elapsed time spent in this place.
 B = Non-inter-level travel time spent in this place.
 C = Inter-level travel time spent in this place.
 D = Time resting spent in this place.
 E = Time spent auto-exploring this place.
 F = Levels seen in this place.
 G = Mean time per level.
                   A        B        C        D        E       F      G
               +--------+--------+--------+--------+--------+-----+--------+
         Total |    620 |    620 |      0 |    308 |      0 |   1 |  620.0 |
       Dungeon |    620 |    620 |      0 |    308 |      0 |   1 |  620.0 |
               +--------+--------+--------+--------+--------+-----+--------+

Top non-repeatable levels by time:
       D: 620 daAuts
